Map: Oxide LE

Players

HeroMarine

  • Race: Terran Terran

ShoWTimE - Winner!

  • Race: Protoss Protoss

Event: DreamHack SC2 Masters 2021 Winter

VOD

Have the link to the VOD?

Description

Time

  • Played on: Oct. 12, 2021, 12:25 p.m.
  • Length: 12:31

All games in this series

Show
View Real Time Build Order
Export as new Build Order

HeroMarine Terran 

Build Orders:  

Get SALT Encoding   

  12  0:00  SCV  
  13  0:12  SCV  
  14  0:16  Supply Depot  
  14  0:24  SCV  
  15  0:38  SCV, Barracks  
  16  0:43  Refinery  
  16  0:50  SCV  
  17  1:02  SCV  
  18  1:14  SCV  
  19  1:25  Marine  
  20  1:27  Orbital Command  
  20  1:43  Command Center  
  20  1:44  Barracks Reactor  
  20  1:52  Supply Depot  
  20  1:53  SCV  
  21  2:05  SCV  
  21  2:07  Factory  
  22  2:17  SCV  
  22  2:20  Marine x2  
  22  2:21  Refinery  
  25  2:29  SCV  
  26  2:38  Marine x2  
  26  2:42  SCV  
  29  2:52  Starport  
  29  2:53  Hellion  
  29  2:54  SCV, Orbital Command  
  32  2:58  Marine x2  
  34  3:06  SCV  
  35  3:15  Factory Tech Lab  
  35  3:16  Marine x2  
  35  3:18  SCV  
  38  3:21  SCV  
  38  3:26  Supply Depot  
  39  3:28  Medivac  
  39  3:33  Siege Tank  
  44  3:34  SCV x2  
  46  3:42  Supply Depot  
  46  3:47  Marine x2  
  46  3:48  SCV x2  
  50  3:55  Supply Depot  
  50  3:58  Viking  
  50  4:00  SCV  
  50  4:01  SCV  
  54  4:05  Marine x2  
  59  4:12  SCV  
  59  4:13  SCV  
  61  4:18  Supply Depot  
  61  4:23  Marine  
  63  4:24  SCV  
  63  4:25  SCV  
  63  4:26  Marine  
  63  4:29  Starport Tech Lab, Barracks  
  63  4:30  Siege Tank  
  63  4:31  Viking  
  67  4:37  SCV x2  
  69  4:40  Supply Depot  
  69  4:41  Marine  
  69  4:43  Marine  
  71  4:45  Barracks  
  71  4:49  SCV  
  71  4:50  SCV  
  73  4:56  Refinery  
  73  4:57  Engineering Bay  
  73  4:59  Marine  
  74  5:01  SCV, Marine  
  74  5:02  SCV  
  77  5:09  Siege Tank  
  77  5:11  Starport Tech Lab  
  77  5:12  Supply Depot  
  77  5:14  SCV x2  
  82  5:16  Marine  
  82  5:19  Marine  
  81  5:26  SCV x2  
  77  5:33  Stimpack, Barracks Tech Lab  
  77  5:35  Barracks x2  
  75  5:37  Refinery  
  75  5:38  SCV, Starport Reactor  
  75  5:41  Marine  
  77  5:43  Marine  
  77  5:45  SCV, Bunker  
  75  5:50  SCV  
  75  5:52  Marine  
  75  5:56  Siege Tank  
  78  5:57  Marine  
  78  5:58  SCV  
  78  5:59  Marine  
  78  6:02  SCV  
  78  6:04  Marine  
  80  6:09  Marine  
  80  6:10  SCV  
  71  6:13  Terran Infantry Weapons Level 1  
  71  6:14  Combat Shield  
  71  6:15  Marine  
  71  6:17  Marine  
  73  6:22  Marine  
  74  6:28  Barracks Reactor x2, Siege Tank  
  74  6:31  Marauder  
  79  6:33  Marauder  
  79  6:35  Supply Depot x2, Marine  
  79  6:39  Marine  
  82  6:41  Medivac  
  85  6:52  Medivac  
  85  6:53  Marine  
  88  6:55  Marauder x2  
  88  6:57  Marine  
  88  7:00  Supply Depot  
  93  7:03  Command Center  
  93  7:04  Marine  
  93  7:06  Marine  
  95  7:10  Marine  
  95  7:15  Marine  
  96  7:16  Marauder x2, Widow Mine  
  96  7:17  Widow Mine, Concussive Shells  
  96  7:21  Marauder  
  96  7:22  Marine  
  108  7:23  Medivac  
  108  7:24  Marine  
  108  7:28  Marine  
  108  7:29  Medivac  
  114  7:33  SCV x2, Marine  
  117  7:37  Marine  
  117  7:43  Supply Depot  
  118  7:53  Ghost Academy  
  118  7:57  Marauder, Marine  
  118  7:58  Widow Mine, Marine  
  118  7:59  Widow Mine, Marine  
  118  8:00  Marauder x2  
  118  8:02  Marine  
  101  8:06  Medivac  
  100  8:14  Medivac  
  100  8:15  Marine  
  100  8:16  SCV, Marine  
  100  8:17  SCV  
  100  8:18  Marauder  
  110  8:20  Widow Mine  
  110  8:21  Marauder, Widow Mine  
  110  8:24  Marauder, Marine  
  110  8:26  Marine  
  118  8:33  Marine  
  120  8:38  Orbital Command  
  120  8:39  Marauder  
  123  8:41  Widow Mine  
  123  8:42  Widow Mine  
  123  8:44  Marauder  
  123  8:45  Marauder  
  129  8:49  SCV x2  
  129  8:51  Marine x2  
  133  8:59  Marine x2  
  133  9:01  Marauder, SCV x2  
  133  9:02  Refinery, Bunker  
  139  9:05  Supply Depot, SCV  
  140  9:10  Supply Depot  
  140  9:11  Terran Infantry Armor Level 1  
  141  9:25  Ghost  
  141  9:26  Ghost x2  
  141  9:29  Marine x3  
  141  9:30  Marine  
  149  9:36  Widow Mine x2  
  119  9:47  SCV x3, Marine  
  119  9:51  Marine x2  
  119  9:52  Marine  
  117  9:54  Orbital Command  
  117  9:55  Marauder x3  
  117  9:59  SCV  
  120  10:00  Widow Mine  
  120  10:01  Widow Mine  
  120  10:05  Marine  
  116  10:10  Marine x2  
  116  10:14  Marine  
  116  10:16  Marauder x3  
  121  10:22  Marine  
  121  10:27  Marine  
  121  10:28  Marine  
  119  10:37  Widow Mine x2  
  125  10:43  Supply Depot x2  
  125  10:46  Marauder  
  125  10:48  Liberator x2  
  125  10:49  Orbital Command  
  131  10:52  Marauder  
  133  11:02  Marauder, Widow Mine x2  
  139  11:12  Ghost Academy  
  139  11:13  Marauder  
  139  11:17  Marine  
  139  11:18  Marine  
  143  11:19  Marauder, Marine  
  143  11:20  Marine  
  147  11:31  Liberator x2  
  153  11:39  Marauder x2  
  157  11:41  Marine  
  157  11:54  Marine  
  157  11:56  Marine x3  
  149  12:08  Marauder, Marine  
  115  12:09  Marine  
  115  12:12  SCV, Marine  
  115  12:13  SCV, Refinery  
  115  12:14  SCV, Refinery  
Show
View Real Time Build Order
Export as new Build Order

ShoWTimE Protoss - Winner!

Build Orders: 1 Gate Expand, Blink Stalkers, Zealot Archon 

Get SALT Encoding   

  12  0:00  Probe  
  13  0:12  Probe  
  14  0:16  Pylon  
  14  0:24  Probe  
  15  0:35  Gateway  
  15  0:36  Probe (Chrono Boost)  
  16  0:46  Assimilator, Probe (Chrono Boost)  
  17  0:51  Probe (Chrono Boost)  
  18  1:03  Probe  
  19  1:15  Probe  
  20  1:21  Nexus  
  20  1:31  Cybernetics Core  
  20  1:34  Probe  
  21  1:40  Assimilator  
  21  1:46  Probe  
  22  1:50  Pylon  
  22  1:58  Probe  
  23  2:06  Adept (Chrono Boost)  
  23  2:07  Warp Gate  
  23  2:10  Probe  
  26  2:20  Twilight Council  
  26  2:22  Probe (Chrono Boost)  
  27  2:26  Stalker (Chrono Boost)  
  29  2:33  Probe (Chrono Boost)  
  31  2:40  Probe (Chrono Boost)  
  31  2:43  Probe (Chrono Boost)  
  32  2:47  Probe (Chrono Boost)  
  32  2:48  Probe (Chrono Boost)  
  32  2:50  Blink (Chrono Boost)  
  34  2:58  Probe  
  34  3:00  Probe  
  36  3:08  Stalker  
  36  3:10  Probe  
  36  3:12  Probe  
  40  3:17  Gateway  
  40  3:22  Probe  
  40  3:24  Robotics Facility, Probe  
  42  3:33  Pylon  
  42  3:35  Probe  
  42  3:36  Probe  
  44  3:47  Probe  
  45  3:48  Probe  
  45  3:52  Nexus  
  45  3:55  Stalker  
  48  3:58  Pylon  
  48  3:59  Probe  
  48  4:02  Probe  
  50  4:08  Pylon  
  50  4:11  Probe  
  50  4:14  Probe  
  50  4:16  Stalker  
  54  4:18  Observer, Assimilator  
  54  4:20  Assimilator  
  54  4:23  Probe  
  56  4:26  Probe  
  56  4:29  Stalker  
  59  4:33  Pylon  
  59  4:35  Probe  
  60  4:38  Probe  
  60  4:42  Stalker  
  63  4:47  Probe  
  63  4:50  Probe  
  65  4:53  Stalker  
  65  4:58  Forge  
  65  4:59  Probe, Templar Archives  
  68  5:01  Pylon  
  68  5:14  Gateway, Shield Battery  
  68  5:15  Immortal  
  68  5:16  Shield Battery  
  72  5:23  Stalker x2  
  73  5:31  Probe  
  73  5:32  Charge (Chrono Boost)  
  66  5:45  Probe  
  60  5:51  Stalker x2, Psionic Storm  
  60  5:56  Protoss Ground Weapons Level 1 (Chrono Boost)  
  62  5:58  Probe  
  62  6:03  Probe  
  62  6:05  Probe  
  62  6:10  Probe  
  64  6:15  Probe  
  64  6:17  Probe  
  66  6:20  High Templar  
  66  6:21  Gateway x2  
  66  6:23  Gateway, Probe  
  69  6:26  Gateway  
  69  6:28  Probe  
  69  6:29  Probe  
  69  6:30  Gateway  
  69  6:32  High Templar  
  73  6:35  Probe  
  73  6:36  Gateway  
  74  6:40  Probe  
  74  6:41  Probe  
  74  6:44  Warp Prism (Chrono Boost)  
  76  6:47  Probe  
  76  6:52  Probe  
  76  6:53  Probe  
  81  6:54  Assimilator, High Templar  
  81  6:59  Probe  
  84  7:04  Probe, High Templar  
  84  7:05  Probe  
  84  7:08  Shield Battery  
  88  7:09  Pylon  
  88  7:11  Observer  
  88  7:14  Pylon  
  88  7:15  Sentry  
  88  7:16  Zealot  
  88  7:19  Zealot  
  88  7:20  Zealot  
  96  7:25  Pylon  
  96  7:27  Pylon  
  96  7:29  Zealot x2  
  100  7:31  Observer  
  100  7:32  Pylon  
  100  7:37  Pylon  
  100  7:41  Zealot x2, High Templar x2  
  100  7:42  Pylon  
  108  7:44  Protoss Ground Armor Level 1 (Chrono Boost)  
  108  7:45  Archon  
  108  7:48  Zealot x2  
  112  7:53  Immortal  
  112  8:02  Zealot x4  
  108  8:10  High Templar  
  108  8:11  Probe  
  109  8:16  High Templar  
  111  8:20  Zealot x2  
  111  8:26  Zealot x3, High Templar  
  123  8:29  Immortal (Chrono Boost)  
  123  8:30  Archon  
  127  8:38  Assimilator  
  127  8:40  Stalker x2  
  131  8:42  Stalker  
  131  8:47  Zealot x2  
  131  8:48  Zealot  
  139  8:50  Zealot  
  141  8:59  Pylon  
  141  9:02  Observer (Chrono Boost)  
  141  9:08  Zealot x3, High Templar x2  
  141  9:09  Zealot x2  
  155  9:12  Archon  
  155  9:14  Zealot  
  157  9:18  Pylon  
  157  9:20  Pylon  
  157  9:30  Zealot x4  
  165  9:31  Pylon  
  161  9:45  Archon  
  127  9:46  Zealot x4  
  127  9:50  Zealot x2  
  123  9:58  Zealot x2  
  125  10:05  Protoss Ground Weapons Level 2 (Chrono Boost)  
  125  10:06  Zealot x4  
  129  10:08  Observer  
  129  10:12  Nexus  
  127  10:15  Robotics Bay  
  127  10:17  Robotics Facility  
  125  10:25  Zealot x2, High Templar x2  
  133  10:29  Zealot x3  
  133  10:34  Observer  
  138  10:41  High Templar  
  140  10:44  Pylon  
  140  10:48  High Templar x2  
  144  10:50  Zealot x2, High Templar  
  144  10:54  Archon  
  144  10:56  Archon  
  148  11:00  Disruptor (Chrono Boost)  
  154  11:06  Zealot x2  
  154  11:09  Disruptor (Chrono Boost)  
  158  11:12  Zealot x2  
  158  11:13  Zealot  
  158  11:16  Shield Battery  
  162  11:22  Zealot  
  164  11:26  Disruptor (Chrono Boost)  
  164  11:30  Stalker x4  
  164  11:32  Zealot  
  177  11:34  Disruptor (Chrono Boost)  
  177  11:38  Probe x2  
  177  11:39  Probe x2  
  184  11:43  Stalker x2  
  184  11:46  Stalker  
  170  12:06  Archon  
  170  12:07  Zealot x2  
  170  12:08  Zealot x5  
  156  12:18  Probe x2  

Tags
 
Add a new tag
Caveats
  • Supply blocks, unpowered buildings, or Contaminate may cause inaccurate times.
  • Supply counts are checked every 10 seconds.